 Dungeon Sprint DCSS version 0.32-a0-834-geaf45d8e21 (webtiles) character file.

Game seed: 8969499099115302382

1880 rocky1 the Executioner (level 16, 0/151 HPs)
             Began as a Mountain Dwarf Fighter on Mar 26, 2024.
             Was an Initiate of Gozag.
             Slain by Polyphemus (29 damage)
             ... in the Dungeon (Sprint VI: "Thunderdome").
             The game lasted 00:13:00 (1580 turns).

rocky1 the Executioner (Mountain Dwarf Fighter)     Turns: 1580, Time: 00:13:00

Health: 0/151      AC: 27    Str: 33    XL:     16   Next: 24%
Magic:  21/21      EV: 10    Int: 11    God:    Gozag
Gold:   673        SH: 10    Dex:  6    Spells: 22/22 levels left

rFire   + . .        t - +9 broad axe (venom)
rCold   + + .        k - +5 buckler "Kirat" {rC+ Str+3}
rNeg    + + .        b - +0 scale mail
rPois   +            x - +2 helmet of Mitum {rC+ Slay+4}
rElec   +            w - +2 cloak "Zynyca" {Rampage Will+}
rCorr   +            y - +2 pair of gloves of the Ladybird {rPois rN+ Str+2}
SInv    +            A - +1 pair of boots of Xoylite {rPois Will+}
Will    +++..        p - amulet of Sudwalol {Faith Rampage +Blink Regen+ rCorr} Stlth
                     D - ring "Oheon" {rElec rF+ Slay+3 SInv}
HPRegen 1.25/turn    C - ring of Lokhliari {rN+ AC+4 Str+3 Dex-3 Slay+5}
MPRegen 0.17/turn

%: no teleportation, rampage, faith
@: no status effects
A: runic magic, artefact enchanting
}: 1/15 runes: decaying
a: Renounce Religion, Evoke Blink, Potion Petition, Call Merchant, Bribe Branch


You were in the Dungeon.
You worshipped Gozag.
Gozag was pleased with you.
You visited 1 branch You collected 7961 gold pieces.
You spent 7288 gold pieces at shops.

Inventory:

Hand Weapons
 a - a +0 war axe
 i - a +2 whip of freezing
 t - a +9 broad axe of venom (weapon)
Missiles
 u - a curare-tipped dart
Armour
 b - a +0 scale mail (worn)
 c - a +0 buckler
 k - the +5 buckler "Kirat" (worn) {rC+ Str+3}
   (You bought it in a shop in the Dungeon)

   Str+3:     It affects your strength (+3).
   rC+:       It protects you from cold.
 w - the +2 cloak "Zynyca" (worn) {Rampage Will+}
   (You bought it in a shop in the Dungeon)

   Will+:     It increases your willpower.
   Rampage:   It bestows one free step when moving towards enemies.
 x - the +2 helmet of Mitum (worn) {rC+ Slay+4}
   (You bought it in a shop in the Dungeon)

   Slay+4:    It affects your accuracy & damage with ranged weapons and melee
   (+4).
   rC+:       It protects you from cold.
 y - the +2 pair of gloves of the Ladybird (worn) {rPois rN+ Str+2}
   (You bought it in a shop in the Dungeon)

   Str+2:     It affects your strength (+2).
   rPois:     It protects you from poison.
   rN+:       It protects you from negative energy.
 A - the +1 pair of boots of Xoylite (worn) {rPois Will+}
   (You bought it in a shop in the Dungeon)

   rPois:     It protects you from poison.
   Will+:     It increases your willpower.
Magical Staves
 m - a staff of earth
Jewellery
 o - the ring "Xecoz" {rElec rN+ MP+9 SInv}
   (You bought it in a shop in the Dungeon)

   [ring of magical power]

   rElec:     It insulates you from electricity.
   rN+:       It protects you from negative energy.
   MP+9:      It affects your magic capacity (+9).
   SInv:      It lets you see invisible.
 p - the amulet of Sudwalol (around neck) {Faith Rampage +Blink Regen+ rCorr}
   (You bought it in a shop in the Dungeon)

   [amulet of faith]

   Faith:     It allows you to gain divine favour quickly.
   +Blink:    It lets you blink.
   Regen+:    It increases your rate of health regeneration.
   rCorr:     It protects you from acid and corrosion.
   Rampage:   It bestows one free step when moving towards enemies.
 q - the ring "Peelail" {Int+4 Dex+6}
   (You bought it in a shop in the Dungeon)

   [ring of dexterity]

   Int+4:     It affects your intelligence (+4).
   Dex+6:     It affects your dexterity (+6).
 r - the amulet of Traps {Acrobat Int-5 Dex+2 Slay+3 SInv}
   (You bought it in a shop in the Dungeon)

   [amulet of the acrobat]

   Acrobat:   It increases your evasion while moving and waiting.
   Int-5:     It affects your intelligence (-5).
   Dex+2:     It affects your dexterity (+2).
   Slay+3:    It affects your accuracy & damage with ranged weapons and melee
   (+3).
   SInv:      It lets you see invisible.
 s - the amulet "Xapefasch" {Acrobat Harm rF++ rC- Regen+}
   (You bought it in a shop in the Dungeon)

   [amulet of the acrobat]

   Acrobat:   It increases your evasion while moving and waiting.
   rF++:      It greatly protects you from fire.
   rC-:       It makes you vulnerable to cold.
   Regen+:    It increases your rate of health regeneration.
   Harm:      It increases damage dealt and taken.
 C - the ring of Lokhliari (right hand) {rN+ AC+4 Str+3 Dex-3 Slay+5}
   (You bought it in a shop in the Dungeon)

   [ring of protection]

   AC+4:      It affects your AC (+4).
   Str+3:     It affects your strength (+3).
   Dex-3:     It affects your dexterity (-3).
   Slay+5:    It affects your accuracy & damage with ranged weapons and melee
   (+5).
   rN+:       It protects you from negative energy.
 D - the ring "Oheon" (left hand) {rElec rF+ Slay+3 SInv}
   (You bought it in a shop in the Dungeon)

   [ring of see invisible]

   Slay+3:    It affects your accuracy & damage with ranged weapons and melee
   (+3).
   rF+:       It protects you from fire.
   rElec:     It insulates you from electricity.
   SInv:      It lets you see invisible.
 E - the ring of Qubbaut {rC+ rCorr Int+5 Dex+6 Stlth-}
   (You bought it in a shop in the Dungeon)

   [ring of dexterity]

   Int+5:     It affects your intelligence (+5).
   Dex+6:     It affects your dexterity (+6).
   rC+:       It protects you from cold.
   rCorr:     It protects you from acid and corrosion.
   Stlth-:    It makes you less stealthy.
 F - the ring "Zanyad" {rPois rF+ rC+ Will+ SInv}
   (You bought it in a shop in the Dungeon)

   [ring of protection from cold]

   rF+:       It protects you from fire.
   rC+:       It protects you from cold.
   rPois:     It protects you from poison.
   Will+:     It increases your willpower.
   SInv:      It lets you see invisible.
 G - the ring of the Greedy {rC+ Dex+2}
   (You bought it in a shop in the Dungeon)

   [ring of protection from cold]

   Dex+2:     It affects your dexterity (+2).
   rC+:       It protects you from cold.
 H - the ring "Aju Ozeb" {rElec EV+5 Str+4 Slay+2}
   (You bought it in a shop in the Dungeon)

   [ring of evasion]

   EV+5:      It affects your evasion (+5).
   Str+4:     It affects your strength (+4).
   Slay+2:    It affects your accuracy & damage with ranged weapons and melee
   (+2).
   rElec:     It insulates you from electricity.
 I - the ring "Daerch" {Will+ Str+6 Dex+2}
   (You bought it in a shop in the Dungeon)

   [ring of strength]

   Str+6:     It affects your strength (+6).
   Dex+2:     It affects your dexterity (+2).
   Will+:     It increases your willpower.
 J - the ring "Ulez" {Int+3 SInv Stlth+}
   (You bought it in a shop in the Dungeon)

   [ring of see invisible]

   Int+3:     It affects your intelligence (+3).
   SInv:      It lets you see invisible.
   Stlth+:    It makes you more stealthy.
 K - the ring of the Horehound {rElec rC+ Str+6}
   (You bought it in a shop in the Dungeon)

   [ring of strength]

   Str+6:     It affects your strength (+6).
   rC+:       It protects you from cold.
   rElec:     It insulates you from electricity.
 L - the ring of the Burgomaster {EV+5 Str+2 Stlth+}
   (You bought it in a shop in the Dungeon)

   [ring of evasion]

   EV+5:      It affects your evasion (+5).
   Str+2:     It affects your strength (+2).
   Stlth+:    It makes you more stealthy.
 M - the ring of the Saviour {Wiz rC+}
   (You bought it in a shop in the Dungeon)

   [ring of wizardry]

   Wiz:       It improves your spell success rate.
   rC+:       It protects you from cold.
 N - the ring "Zeckasha" {*Slow rF+ Will++ Str+4}
   (You bought it in a shop in the Dungeon)

   [ring of protection from fire]

   Str+4:     It affects your strength (+4).
   rF+:       It protects you from fire.
   Will++:    It greatly increases your willpower.
   *Slow:     It may slow you when you take damage.
Scrolls
 j - 7 scrolls of blinking
 n - 3 scrolls of fog
 z - 13 scrolls of enchant armour
 B - 3 scrolls of silence
Potions
 d - a potion of might
 e - 8 potions of curing
 f - 10 potions of heal wounds
 g - 3 potions of haste
 h - 2 potions of magic
 v - 2 potions of berserk rage


   Skills:
 + Level 16.0 Fighting
 * Level 24.0 Axes
 + Level 13.6 Armour
 + Level 6.3 Dodging
 - Level 0.5 Stealth
 + Level 11.5 Shields
 + Level 3.6 Spellcasting
 - Level 0.1 Evocations


You had 22 spell levels left.
You didn't know any spells.
Your spell library was empty.

Dungeon Overview and Level Annotations

Branches:
Dungeon (1/1)

Altars:
Cheibriados
Dithmenos
Fedhas
Gozag
Kikubaaqudgha
Makhleb
Okawaru
Qazlal
Ru
Sif Muna
Trog
Uskayaw
Vehumet
Wu Jian
Xom
Yredelemnul
Zin
The Shining One
Beogh
Lugonu

Shops:
D [=??*?*:[((!!!!

Annotations:
D Polyphemus


Innate Abilities, Weirdness & Mutations

Your spellcasting is much less encumbered by armour.
You can use scrolls of enchantment on lesser artefacts.


Message History

Polyphemus is heavily wounded.
You hit Polyphemus.
Polyphemus is severely wounded.
Polyphemus hits you!! You block Polyphemus's attack.
You slash Polyphemus!
Polyphemus looks as sick as possible!
Polyphemus is severely wounded.
Polyphemus hits you. Polyphemus hits you!
* * * LOW HITPOINT WARNING * * *
You hit Polyphemus but do no damage.
Polyphemus is severely wounded.
Polyphemus hits you!
* * * LOW HITPOINT WARNING * * *
Polyphemus hits you but does no damage.
You feel much better. Polyphemus hits you! x2
* * * LOW HITPOINT WARNING * * *
You feel much better. Polyphemus hits you! Polyphemus hits you!!
* * * LOW HITPOINT WARNING * * *
You feel much better. Polyphemus hits you!
* * * LOW HITPOINT WARNING * * *
Polyphemus hits you but does no damage.
You slice Polyphemus!!
Polyphemus looks as sick as possible!
Polyphemus is severely wounded.
You slice Polyphemus!!
Polyphemus looks as sick as possible!
Polyphemus is almost dead.
You block Polyphemus's attack. Polyphemus closely misses you.
You barely miss Polyphemus.
Polyphemus is almost dead.
Polyphemus completely misses you. Polyphemus hits you!!
* * * LOW HITPOINT WARNING * * *
You slash Polyphemus!
Polyphemus looks as sick as possible!
Polyphemus is almost dead.
You barely miss Polyphemus.
Polyphemus is almost dead.
Polyphemus hits you but does no damage. Polyphemus closely misses you.
You slice Polyphemus!!
Polyphemus looks as sick as possible!
Polyphemus is almost dead.
Polyphemus hits you!!
You die...
Polyphemus says, "You're nobody."
Your body crumbles into a pile of gold.

###.........###
#⌠...........⌠#
######.ß.........ß.###
##∩__.......###......__
###∩........ß.# #.ß......
##.......[.....###........
#⌠..........###...###.....
#⌠..........# #.<.# #.....
#⌠......C@..###...###.....
##.........(...###........
###∩........ß.# #.ß......
##∩_._).....###......__
######)ß)...))[..ß.###
#)....)......⌠#
###)........###
#_......._# #_...)).._#


You could see Polyphemus (extremely poisoned).

Vanquished Creatures
  An arcanist (D)
  5 two-headed ogres (D)
  3 sun demons (D)
  A goliath frog (D)
  Pikel (D)
  A bog body (D)
  A will-o-the-wisp (D)
  An efreet (D)
  2 rime drakes (D)
  3 komodo dragons (D)
  2 tyrant leeches (D)
  3 glass eyes (D)
  2 fire bats (D)
  2 fire elementals (D)
  3 steam dragons (D)
  A hell hound (D)
  2 acid dragons (D)
  2 swamp drakes (D)
  3 ogres (D)
  8 centaurs (D)
  A kobold brigand (D)
  A bullfrog (D)
  A hell rat (D)
  A river rat (D)
  An endoplasm (D)
  2 hobgoblins (D)
  A kobold (D)
  3 rats (D)
58 creatures vanquished.

Vanquished Creatures (others)
  2 foxfires (D)
2 creatures vanquished.

Grand Total: 60 creatures vanquished

Notes
Turn   | Place    | Note
-------+----------+-------------------------------------------
     0 | D        | rocky1 the Mountain Dwarf Fighter began the quest for the
                  | Orb.
     0 | D        | Reached XP level 1. HP: 19/19 MP: 1/1
     4 | D        | Found a glowing silver altar of Zin.
     5 | D        | Found a bloodstained altar of Trog.
     5 | D        | Found a blossoming altar of Fedhas.
     5 | D        | Round 1.
     6 | D        | Found an ancient bone altar of Kikubaaqudgha.
     6 | D        | Found a sacrificial altar of Ru.
     7 | D        | Found Nupas's Timeless Talismans.
     7 | D        | Found an opulent altar of Gozag.
     7 | D        | Found Luniep's Identification Station.
     8 | D        | Found Cone's Jewellery.
     8 | D        | Found Ylibedghe's Advanced Armour.
    11 | D        | Found a burning altar of Makhleb.
    15 | D        | Became a worshipper of Gozag Ym Sagoz the Greedy
    17 | D        | Found a corrupted altar of Lugonu.
    18 | D        | Found Ceczes's Premium Goods.
    20 | D        | Found a snail-covered altar of Cheibriados.
    20 | D        | Found a hide-covered altar of Uskayaw.
    20 | D        | Found a glowing golden altar of the Shining One.
    20 | D        | Found Otuclax's Weapon Rack.
    20 | D        | Found Ostroitasch's Miscellaneous Merchandise.
    20 | D        | Found Aholiepno's Basic Armour.
    24 | D        | Found a shadowy altar of Dithmenos.
    25 | D        | Found a radiant altar of Vehumet.
    27 | D        | Found Hetekhlu's Do-It-Yourself Clinic.
    29 | D        | Found a shimmering blue altar of Sif Muna.
    29 | D        | Found a basalt altar of Yredelemnul.
    29 | D        | Found a shimmering altar of Xom.
    29 | D        | Found Migus's Distillery.
    31 | D        | Found Nyufiep's Bottled Wisdom.
    31 | D        | Found Ingen's Distillery.
    35 | D        | Found an iron altar of Okawaru.
    36 | D        | Found a stormy altar of Qazlal.
    37 | D        | Found an ornate altar of the Wu Jian Council.
    44 | D        | Found Ule Kio's Staff Store.
    46 | D        | Found a roughly hewn altar of Beogh.
    46 | D        | Found Xiytyiv's Magic Scroll Shop.
    47 | D        | Found Jolamivi's Must-Have Magic.
    47 | D        | Found Viliesou's Magic Scroll Shop.
    67 | D        | Bought a brightly glowing iron ring for 45 gold pieces
    67 | D        | Identified the ring "Xecoz" {rElec rN+ MP+9 SInv} (You
                  | bought it in a shop in the Dungeon)
    67 | D        | Bought a flickering brass amulet for 45 gold pieces
    67 | D        | Identified the amulet of Sudwalol {Faith Rampage +Blink
                  | Regen+ rCorr} (You bought it in a shop in the Dungeon)
    67 | D        | Bought a clouded silver ring for 45 gold pieces
    67 | D        | Identified the ring "Peelail" {Int+4 Dex+6} (You bought it
                  | in a shop in the Dungeon)
    67 | D        | Bought a wavering platinum amulet for 45 gold pieces
    67 | D        | Identified the amulet of Traps {Acrobat Int-5 Dex+2 Slay+3
                  | SInv} (You bought it in a shop in the Dungeon)
    67 | D        | Bought a sparkling silver amulet for 45 gold pieces
    67 | D        | Identified the amulet "Xapefasch" {Acrobat Harm rF++ rC-
                  | Regen+} (You bought it in a shop in the Dungeon)
    86 | D        | Noticed a hell rat
    92 | D        | Killed a hell rat
    93 | D        | Reached skill level 3 in Axes
    93 | D        | Reached XP level 2. HP: 22/28 MP: 2/2
   163 | D        | Arena points: 12 (+12) [x2]
   164 | D        | Reached skill level 5 in Armour
   164 | D        | Reached XP level 3. HP: 24/35 MP: 3/3
   189 | D        | Bought a +0 broad axe for 120 gold pieces
   192 | D        | Round 2.
   215 | D        | Reached skill level 5 in Fighting
   223 | D        | Noticed a kobold brigand
   238 | D        | Killed a kobold brigand
   239 | D        | Reached skill level 6 in Axes
   239 | D        | Reached skill level 5 in Shields
   239 | D        | Reached XP level 4. HP: 22/44 MP: 4/4
   295 | D        | Noticed Pikel
   303 | D        | Killed Pikel
   304 | D        | Reached skill level 11 in Axes
   304 | D        | Reached skill level 1 in Dodging
   304 | D        | Reached XP level 5. HP: 56/56 MP: 5/5
   304 | D        | Reached XP level 6. HP: 62/62 MP: 6/6
   304 | D        | Reached XP level 7. HP: 69/69 MP: 7/7
   335 | D        | Arena points: 48 (+36) [x3]
   351 | D        | Bought 5 potions of berserk rage for 175 gold pieces
   365 | D        | Round 3.
   367 | D        | Noticed a glass eye
   381 | D        | Killed a glass eye
   382 | D        | Reached skill level 12 in Axes
   388 | D        | Noticed a glass eye
   388 | D        | Noticed a glass eye
   397 | D        | Killed a glass eye
   398 | D        | Reached skill level 13 in Axes
   403 | D        | Killed a glass eye
   404 | D        | Reached skill level 14 in Axes
   404 | D        | Reached XP level 8. HP: 79/79 MP: 8/8
   419 | D        | Arena points: 108 (+60) [x4]
   434 | D        | Round 4.
   477 | D        | Noticed a will-o-the-wisp
   482 | D        | Noticed a bog body
   485 | D        | Killed a will-o-the-wisp
   486 | D        | Reached skill level 10 in Fighting
   486 | D        | Reached skill level 15 in Axes
   490 | D        | Reached skill level 16 in Axes
   490 | D        | Killed a bog body
   491 | D        | Reached skill level 17 in Axes
   491 | D        | Reached XP level 9. HP: 55/86 MP: 9/9
   511 | D        | Noticed a tyrant leech
   522 | D        | Bought 4 potions of curing for 84 gold pieces
   522 | D        | Bought 3 potions of heal wounds for 105 gold pieces
   522 | D        | Bought 3 potions of heal wounds for 105 gold pieces
   523 | D        | Bought 2 potions of experience for 600 gold pieces
   523 | D        | Reached skill level 18 in Axes
   523 | D        | Reached skill level 10 in Armour
   523 | D        | Reached XP level 10. HP: 95/95 MP: 10/10
   524 | D        | Reached XP level 11. HP: 103/103 MP: 11/11
   557 | D        | Arena points: 268 (+160) [x5]
   592 | D        | Round 5.
   605 | D        | Noticed a witch
   608 | D        | Noticed a goliath frog
   617 | D        | Killed a goliath frog
   618 | D        | Reached skill level 19 in Axes
   625 | D        | Noticed a goliath frog
   633 | D        | Killed a witch
   633 | D        | Arena points: 548 (+280) [x7]
   634 | D        | Reached skill level 20 in Axes
   639 | D        | Got a decaying rune of Zot
   702 | D        | Bought a masterwork cloak for 332 gold pieces
   702 | D        | Identified the +2 cloak "Zynyca" {Rampage Will+} (You
                  | bought it in a shop in the Dungeon)
   702 | D        | Bought a fine helmet for 332 gold pieces
   702 | D        | Identified the +1 helmet of Mitum {rC+ Slay+4} (You bought
                  | it in a shop in the Dungeon)
   702 | D        | Bought a pair of dazzling gloves for 332 gold pieces
   702 | D        | Identified the +0 pair of gloves of the Ladybird {rPois rN+
                  | Str+2} (You bought it in a shop in the Dungeon)
   835 | D        | Round 6.
   867 | D        | Noticed a two-headed ogre
   878 | D        | Killed a two-headed ogre
   883 | D        | Noticed a two-headed ogre
   895 | D        | Killed a two-headed ogre
   896 | D        | Reached skill level 21 in Axes
   928 | D        | Noticed a two-headed ogre
   938 | D        | Killed a two-headed ogre
   945 | D        | Noticed a two-headed ogre
   945 | D        | Noticed a two-headed ogre
   951 | D        | Killed a two-headed ogre
   955 | D        | Killed a two-headed ogre
   955 | D        | Arena points: 980 (+432) [x8]
   956 | D        | Reached skill level 22 in Axes
  1026 | D        | Round 7.
  1061 | D        | Noticed a sun demon
  1073 | D        | Noticed a sun demon
  1080 | D        | Killed a sun demon
  1088 | D        | Killed a sun demon
  1094 | D        | Noticed a sun demon
  1108 | D        | Killed a sun demon
  1109 | D        | Reached skill level 23 in Axes
  1109 | D        | Reached skill level 5 in Dodging
  1109 | D        | Reached XP level 12. HP: 55/118 MP: 12/12
  1116 | D        | Arena points: 1610 (+630) [x9]
  1138 | D        | Bought a scroll of enchant weapon for 75 gold pieces
  1138 | D        | Bought 4 scrolls of enchant armour for 300 gold pieces
  1138 | D        | Bought 4 scrolls of enchant armour for 300 gold pieces
  1138 | D        | Bought 8 scrolls of enchant weapon for 600 gold pieces
  1138 | D        | Bought a scroll of brand weapon for 95 gold pieces
  1138 | D        | Bought 3 scrolls of silence for 285 gold pieces
  1138 | D        | Bought 3 scrolls of blinking for 225 gold pieces
  1140 | D        | Bought 4 scrolls of enchant armour for 300 gold pieces
  1140 | D        | Bought 4 scrolls of enchant armour for 300 gold pieces
  1187 | D        | Round 8.
  1223 | D        | Reached skill level 10 in Shields
  1256 | D        | Bought a dazzling buckler for 332 gold pieces
  1256 | D        | Identified the +5 buckler "Kirat" {rC+ Str+3} (You bought
                  | it in a shop in the Dungeon)
  1256 | D        | Bought a pair of ichor-stained boots for 332 gold pieces
  1256 | D        | Identified the +1 pair of boots of Xoylite {rPois Will+}
                  | (You bought it in a shop in the Dungeon)
  1276 | D        | Reached skill level 15 in Fighting
  1330 | D        | Arena points: 1682 (+72) [x1]
  1345 | D        | Round 9.
  1385 | D        | Bought a wavering steel ring for 45 gold pieces
  1385 | D        | Identified the ring of Lokhliari {rN+ AC+4 Str+3 Dex-3
                  | Slay+5} (You bought it in a shop in the Dungeon)
  1385 | D        | Bought a warped glass ring for 45 gold pieces
  1385 | D        | Identified the ring "Oheon" {rElec rF+ Slay+3 SInv} (You
                  | bought it in a shop in the Dungeon)
  1385 | D        | Bought a fine tin ring for 45 gold pieces
  1385 | D        | Identified the ring of Qubbaut {rC+ rCorr Int+5 Dex+6
                  | Stlth-} (You bought it in a shop in the Dungeon)
  1385 | D        | Bought a glittering lead ring for 45 gold pieces
  1385 | D        | Identified the ring "Zanyad" {rPois rF+ rC+ Will+ SInv}
                  | (You bought it in a shop in the Dungeon)
  1385 | D        | Bought a fine pewter ring for 45 gold pieces
  1385 | D        | Identified the ring of the Greedy {rC+ Dex+2} (You bought
                  | it in a shop in the Dungeon)
  1385 | D        | Bought a coiled granite ring for 45 gold pieces
  1385 | D        | Identified the ring "Aju Ozeb" {rElec EV+5 Str+4 Slay+2}
                  | (You bought it in a shop in the Dungeon)
  1385 | D        | Bought a crude silver ring for 45 gold pieces
  1385 | D        | Identified the ring "Daerch" {Will+ Str+6 Dex+2} (You
                  | bought it in a shop in the Dungeon)
  1385 | D        | Bought a twitching brass ring for 45 gold pieces
  1385 | D        | Identified the ring "Ulez" {Int+3 SInv Stlth+} (You bought
                  | it in a shop in the Dungeon)
  1385 | D        | Bought a wavering ivory ring for 45 gold pieces
  1385 | D        | Identified the ring of the Horehound {rElec rC+ Str+6} (You
                  | bought it in a shop in the Dungeon)
  1385 | D        | Bought a transparent iron ring for 45 gold pieces
  1385 | D        | Identified the ring of the Burgomaster {EV+5 Str+2 Stlth+}
                  | (You bought it in a shop in the Dungeon)
  1385 | D        | Bought a faintly glowing marble ring for 45 gold pieces
  1385 | D        | Identified the ring of the Saviour {Wiz rC+} (You bought it
                  | in a shop in the Dungeon)
  1385 | D        | Bought a twitching lead ring for 45 gold pieces
  1385 | D        | Identified the ring "Zeckasha" {*Slow rF+ Will++ Str+4}
                  | (You bought it in a shop in the Dungeon)
  1480 | D        | Arena points: 1880 (+198) [x2]
  1509 | D        | Bought 4 potions of curing for 84 gold pieces
  1509 | D        | Bought 3 potions of heal wounds for 105 gold pieces
  1509 | D        | Bought 3 potions of heal wounds for 105 gold pieces
  1511 | D        | Bought 3 potions of experience for 900 gold pieces
  1511 | D        | Reached skill level 24 in Axes
  1511 | D        | Reached XP level 13. HP: 127/127 MP: 13/13
  1512 | D        | Reached skill level 1 in Spellcasting
  1512 | D        | Reached XP level 14. HP: 136/136 MP: 13/16
  1513 | D        | Reached XP level 15. HP: 143/143 MP: 13/19
  1514 | D        | Reached XP level 16. HP: 151/151 MP: 13/21
  1547 | D        | Round 10.
  1557 | D        | Noticed Polyphemus
  1580 | D        | Slain by Polyphemus

Illustrated notes

Levels and vault maps discovered:
D:        arena_sprint

Skill      XL: |  1  2  3  4  5  6  7  8  9 10 11 12 13 14 15 |
---------------+----------------------------------------------+-----
Fighting       | 4 6 8 9 10 11 14 15 16 | 16.0
Axes           | 3 6 11 14 17 18 23 24 | 24.0
Armour         | 4 5 6 8 9 10 12 13 | 13.6
Shields        | 4 5 7 8 9 10 11 | 11.5
Dodging        | 1 2 3 5 6 |  6.3
Spellcasting   | 1 2 3 |  3.6
Stealth        | |  0.5
Evocations     | |  0.1

Action                     |  1- 3 |  4- 6 |  7- 9 | 10-12 | 13-15 | 16-18 || total
---------------------------+-------+-------+-------+-------+-------+-------++-------
  Melee: War axe           |    12 |       |       |       |       |       ||    12
         Broad axe         |    15 |    15 |    39 |   148 |       |    17 ||   234
  Evoke: Wand              |     1 |       |       |     9 |       |       ||    10
    Use: Potion            |       |     1 |     2 |    10 |     3 |     3 ||    19
         Scroll            |       |       |       |    13 |       |       ||    13
   Stab: Invisible         |       |       |       |     1 |       |       ||     1
 Armour: Scale mail        |    25 |    13 |    11 |    97 |       |    23 ||   169
  Dodge: Dodged            |    10 |     4 |     4 |    47 |       |     5 ||    70
  Block: Buckler           |     5 |     2 |     4 |    50 |       |     2 ||    63

Table legend: (Time is in decaauts)
 A = Elapsed time spent in this place.
 B = Non-inter-level travel time spent in this place.
 C = Inter-level travel time spent in this place.
 D = Time resting spent in this place.
 E = Time spent auto-exploring this place.
 F = Levels seen in this place.
 G = Mean time per level.
                   A        B        C        D        E       F      G
               +--------+--------+--------+--------+--------+-----+--------+
         Total |   1571 |   1521 |     50 |    360 |      0 |   1 | 1571.0 |
       Dungeon |   1571 |   1521 |     50 |    360 |      0 |   1 | 1571.0 |
               +--------+--------+--------+--------+--------+-----+--------+

Top non-repeatable levels by time:
       D: 1571 daAuts
